Match 46466483
Unlisted

Match 46466483
End
Scout Squad
Construct Barracks
Riflemen Squad
1⁄4-ton 4x4 Truck
Riflemen Squad
Riflemen Squad
Infantry Support Center
Grenade Package
Construct Medical Station
Construct Weapon Support Center
M3 Armored Personnel Carrier
M3 Armored Personnel Carrier
Engineer Squad
M1918 Browning Automatic Rifles
Riflemen Squad
Selects Heavy Weapons
Selects Assault Carriers
Selects Exchangeable Parts
Advanced Logistics
Survival Training
M1919 Machine Gun Team
Selects M2HB .50cal Heavy Machine Gun
M3 Assault Carrier
M3 Assault Carrier
Captain Retinue
Selects M26 Pershing Heavy Tank
Akkerman
UMirinBrah?
0
0

Comments sign in to comment!

No comments posted yet!